 Dungeon Crawl Stone Soup version 0.18.1-8-gdd0e5ea (webtiles) character file.

3859 Gargoyl the Protected (level 9, 0/70 HPs)
             Began as a Demonspawn Abyssal Knight on May 26, 2016.
             Was an Elder of Lugonu.
             Slain by a yak (4 damage)
             ... on level 8 of the Dungeon.
             The game lasted 00:22:50 (9954 turns).

Gargoyl the Protected (Demonspawn Abyssal Knight)   Turns: 9954, Time: 00:22:51

Health: 0/70       AC: 21    Str: 16    XL:     9   Next: 99%
Magic:  0/9        EV:  7    Int: 14    God:    Lugonu [****..]
Gold:   285        SH:  4    Dex: 12    Spells: 0 memorised, 8 levels left

rFire  + . .     SeeInvis +     n - +3 hand axe (elec)
rCold  . . .     Gourm    .     u - +0 plate armour
rNeg   . . .     Faith    .     y - +0 buckler
rPois  .         Spirit   +     x - +2 helmet
rElec  .         Dismiss  .     p - +1 cloak
rCorr  +         Reflect  .     (no gloves)
SustAt .         Harm     .     v - +0 pair of boots
MR     .....     Rnd*Rage +     D - amulet of inaccuracy
Stlth  ..........               k - ring of see invisible
                                e - ring of resist corrosion

@: not resistant to hostile enchantments, extremely unstealthy
A: berserk 1, fire resistance 1, low mp 1, powered by pain 1, magic shield,
magic regeneration
a: Depart the Abyss, Bend Space, Banish, Corrupt, Renounce Religion


You were on level 8 of the Dungeon.
You worshipped Lugonu.
Lugonu was greatly pleased with you.
You were not hungry.

You visited 1 branch of the dungeon, and saw 8 of its levels.
You visited the Abyss 1 time.

You collected 285 gold pieces.

Inventory:

Hand Weapons
 n - a +3 hand axe of electrocution (weapon)
 q - the +1 hand axe of Midnight {freeze, Dex+3}
   (You found it on level 5 of the Dungeon)

   It has been specially enchanted to freeze those struck by it, causing extra
   injury to most foes and up to half again as much damage against particularly
   susceptible opponents.
   It can also slow down cold-blooded creatures.
   It affects your dexterity (+3).
 r - a +0 halberd of chopping
 B - a +0 flail
Missiles
 m - 3 javelins (quivered)
Armour
 p - a +1 cloak (worn)
 u - a +0 plate armour (worn)
 v - a +0 pair of boots (worn)
 x - a +2 helmet (worn)
 y - a +0 buckler (worn)
Jewellery
 b - an uncursed ring of wizardry {unknown}
 e - a ring of resist corrosion (left hand)
 i - an uncursed ring of ice
 k - a ring of see invisible (right hand)
 A - an uncursed ring of wizardry {unknown}
 D - an amulet of inaccuracy (around neck)
Wands
 s - a wand of flame (32/48)
Scrolls
 d - a scroll of fog
 g - 2 scrolls of blinking
 h - 8 scrolls of identify
 l - 2 scrolls of recharging
 w - a scroll of teleportation {unknown}
Potions
 a - 2 potions of resistance
 t - a potion of brilliance
Comestibles
 c - 2 bread rations
 j - 3 meat rations


   Skills:
 + Level 6.3 Fighting
 + Level 5.7 Axes
 * Level 8.9 Armour
 + Level 5.0 Dodging
 + Level 2.2 Stealth
 + Level 2.7 Shields
 + Level 2.7 Invocations


You had 8 spell levels left.
You didn't know any spells.

Dungeon Overview and Level Annotations

Branches:
Dungeon (8/15)             Temple (0/1) D:5
   Lair: D:8-11

Altars:
Ashenzari
Elyvilon
Gozag
Kikubaaqudgha
Makhleb
Nemelex Xobeh
Qazlal
Trog
Zin
The Shining One


Innate Abilities, Weirdness & Mutations

You sometimes gain a little power by taking damage.
When hurt, damage is shared between your health and your magic reserves.
You regenerate magic rapidly.
You tend to lose your temper in combat.
Your flesh is heat resistant.
Your magical capacity is low (-10% MP).


Message History

You hit the yak but do no damage.
The yak is lightly wounded.
The yak gores you but does no damage.
You hit the yak.
There is a sudden explosion of sparks!
The yak is heavily wounded.
You block the yak's attack.
You hit the yak.
The yak is severely wounded.
The yak gores you!
* * * LOW HITPOINT WARNING * * *
You hit the yak but do no damage.
There is a sudden explosion of sparks!
The yak is almost dead.
The yak gores you but does no damage.
You closely miss the yak.
The yak is almost dead.
The yak gores you but does no damage.
Your plate armour prevents you from hitting the yak.
The yak is almost dead.
The yak gores you.
You die...

#.....#.####### .
#.#......<....##
.
...##..........#
#
.>.#####.####..#
# .........#
#..## #
#.######## #...##
# #.# #....# #
#.# ####.#
######## #.## #
#_#@# #...yyy.
...# #.#.#.8Y#
#.###### >..#
......††# #.#
...# ......†.#
#.###### ...#
#.#.#.8##
#....... #(.# #
###_# #.......
...#### #########
##.#####
...##.###...###.#
#l#
...##.##.....##.#
#y#


You could see a yak.

Vanquished Creatures
  Grinder (D:3)
  Sigmund (D:3)
  4 yaks (D:8)
  The ghost of Gargoyl the Skirmisher, an amateur DsAK of Lugonu (D:3)
  A hippogriff (D:8)
  Menkaure (D:4)
  3 ice beasts
  3 sky beasts
  2 phantoms
  2 ogres
  A centaur (D:7)
  A big kobold (D:7)
  3 giant frogs
  A gnoll sergeant (D:7)
  4 scorpions
  2 killer bees
  A jelly (D:6)
  3 crimson imps
  A centaur zombie (D:6)
  2 hounds
  An orc priest (D:4)
  Crazy Yiuf (D:2)
  3 orc wizards
  Jessica (D:2)
  Terence (D:3)
  An iguana (D:7)
  5 worker ants
  A killer bee zombie (D:6)
  2 hound skeletons (D:4)
  A howler monkey zombie (D:8)
  Robin (D:3)
  A howler monkey skeleton (D:4)
  12 gnolls
  10 adders
  A shadow imp (D:6)
  An ooze (D:3)
  2 adder skeletons (D:4)
  7 worms
  A dart slug (D:2)
  4 giant geckos
  3 orcs (D:7)
  8 bats
  3 giant cockroaches
  13 hobgoblins
  5 jackals
  12 kobolds
  3 quokkas
  A ball python (D:4)
  3 giant newts
  16 goblins
  A quokka zombie (D:5)
  9 rats
172 creatures vanquished.

Vanquished Creatures (others)
  An orc wizard (D:4)
  A rat (D:4)
2 creatures vanquished.

Grand Total: 174 creatures vanquished

Notes
Turn   | Place    | Note
--------------------------------------------------------------
     0 | Abyss:1  | Gargoyl the Demonspawn Abyssal Knight began the quest for the Orb.
     0 | Abyss:1  | Reached XP level 1. HP: 18/18 MP: 2/2
    56 | Abyss:2  | Noticed an iron imp
   102 | Abyss:2  | Noticed a raiju
   103 | D:1      | Escaped the Abyss
   279 | D:1      | Reached skill level 1 in Dodging
   422 | D:1      | Found a shattered altar of Ashenzari.
   663 | D:1      | Reached * piety under Lugonu
   732 | D:1      | Gained mutation: You sometimes gain a little power by taking damage. [demonic ancestry]
   732 | D:1      | Reached XP level 2. HP: 24/24 MP: 3/3
  1058 | D:1      | Reached skill level 2 in Armour
  1642 | D:2      | Reached XP level 3. HP: 13/29 MP: 4/4
  1981 | D:2      | Noticed Jessica
  2027 | D:2      | Killed Jessica
  2027 | D:2      | Reached XP level 4. HP: 23/35 MP: 5/5
  2068 | D:2      | Noticed Crazy Yiuf
  2085 | D:2      | Killed Crazy Yiuf
  2344 | D:2      | Reached ** piety under Lugonu
  2466 | D:2      | Found a glowing silver altar of Zin.
  2479 | D:3      | Noticed Sigmund
  2500 | D:3      | Killed Sigmund
  2500 | D:3      | Reached skill level 3 in Armour
  2500 | D:3      | Reached XP level 5. HP: 41/42 MP: 6/6
  2760 | D:3      | Gained mutation: When hurt, damage is shared between your health and your magic reserves. [demonic ancestry]
  2760 | D:3      | Reached XP level 6. HP: 44/48 MP: 7/7
  2980 | D:3      | Noticed Grinder
  2986 | D:3      | Paralysed by Grinder for 3 turns
  3003 | D:3      | Paralysed by Grinder for 2 turns
  3006 | D:3      | Killed Grinder
  3006 | D:3      | Reached skill level 4 in Armour
  3251 | D:3      | Noticed Terence
  3259 | D:3      | Killed Terence
  3295 | D:3      | Noticed Robin
  3302 | D:3      | Reached XP level 7. HP: 52/54 MP: 8/8
  3340 | D:3      | Killed Robin
  3418 | D:3      | Noticed Gargoyl's ghost (amateur DsAK)
  3451 | D:3      | Killed Gargoyl's ghost
  3451 | D:3      | Reached skill level 1 in Stealth
  3804 | D:3      | Reached *** piety under Lugonu
  4001 | D:4      | Noticed Menkaure
  4288 | D:4      | Killed Menkaure
  4288 | D:4      | Reached skill level 5 in Armour
  4634 | D:4      | HP: 2/55 [orc wizard/magic dart (6)]
  4654 | D:4      | HP: 2/55 [orc wizard/magic dart (4)]
  5091 | D:4      | Gained mutation: You regenerate magic rapidly. [demonic ancestry]
  5091 | D:4      | Reached XP level 8. HP: 15/61 MP: 5/10
  5342 | D:4      | Found a stormy altar of Qazlal.
  5920 | D:5      | Entered Level 5 of the Dungeon
  5937 | D:5      | Got a bloodstained hand axe
  5938 | D:5      | Identified the cursed +1 hand axe of Midnight {freeze, Dex+3} (You found it on level 5 of the Dungeon)
  6118 | D:5      | Found an opulent altar of Gozag.
  6467 | D:5      | Found a staircase to the Ecumenical Temple.
  6485 | D:5      | Reached skill level 6 in Armour
  6724 | D:5      | Reached skill level 5 in Fighting
  6749 | D:5      | Found an ancient bone altar of Kikubaaqudgha.
  6749 | D:5      | Found a sparkling altar of Nemelex Xobeh.
  6832 | D:5      | Gained mutation: Your mind is acute. (Int +2) [mutagenic meat]
  6833 | D:5      | Gained mutation: You are weak. (Str -2) [mutagenic meat]
  6834 | D:5      | Gained mutation: You are robust (+10% HP). [mutagenic meat]
  6835 | D:5      | Gained mutation: You tend to lose your temper in combat. [mutagenic meat]
  7275 | D:6      | Noticed a hill giant
  7937 | D:7      | Reached skill level 5 in Axes
  8087 | D:7      | Reached skill level 1 in Shields
  8107 | D:7      | Reached XP level 9. HP: 69/74 MP: 9/11
  8124 | D:7      | Reached **** piety under Lugonu
  8127 | D:7      | Reached skill level 7 in Armour
  8228 | D:7      | Gained mutation: You expend magic power (3 MP) to strengthen your wands. [mutagenic meat]
  8230 | D:7      | Lost mutation: You expend magic power (3 MP) to strengthen your wands. [mutagenic meat]
  8231 | D:7      | Gained mutation: Your flesh is cold resistant. [mutagenic meat]
  8322 | D:7      | Lost mutation: You are robust (+10% HP). [potion of cure mutation]
  8322 | D:7      | Lost mutation: Your flesh is cold resistant. [potion of cure mutation]
  8322 | D:7      | Lost mutation: Your mind is acute. (Int +2) [potion of cure mutation]
  8322 | D:7      | Lost mutation: You tend to lose your temper in combat. [potion of cure mutation]
  8322 | D:7      | Lost mutation: You are weak. (Str -2) [potion of cure mutation]
  8350 | D:7      | Found a glowing golden altar of the Shining One.
  8424 | D:7      | Found a bloodstained altar of Trog.
  9176 | D:6      | Reached skill level 8 in Armour
  9442 | D:7      | Reached skill level 5 in Dodging
  9908 | D:8      | Found a white marble altar of Elyvilon.
  9912 | D:8      | Found a burning altar of Makhleb.
  9939 | D:8      | Gained mutation: Your flesh is heat resistant. [potion of mutation]
  9939 | D:8      | Gained mutation: Your magical capacity is low (-10% MP). [potion of mutation]
  9939 | D:8      | Gained mutation: You tend to lose your temper in combat. [potion of mutation]
  9951 | D:8      | HP: 3/70 [yak (9)]
  9954 | D:8      | Slain by a yak

Skill      XL: |  1  2  3  4  5  6  7  8  9 |
---------------+----------------------------+-----
Dodging        | 1 2 3 4 5 |  5.0
Axes           | 2 3 4 5 |  5.7
Armour         | 2 3 4 5 6 8 |  8.9
Fighting       | 4 5 6 |  6.3
Stealth        | 2 |  2.2
Shields        | 1 2 |  2.7
Invocations    | |  2.7

Action                   |  1- 3 |  4- 6 |  7- 9 || total
-------------------------+-------+-------+-------++-------
Melee: Hand axe          |   154 |   166 |   755 ||  1075
Invok: Depart the Abyss  |     1 |       |       ||     1
       Banish            |       |       |     1 ||     1
  Use: Potion            |       |     2 |    18 ||    20
       Scroll            |       |     3 |    10 ||    13
 Stab: Sleeping          |     1 |       |       ||     1
       Invisible         |       |       |     9 ||     9
  Eat: Chunk             |     4 |     4 |    19 ||    27
       Fruit             |       |       |     8 ||     8
       Bread ration      |       |       |     1 ||     1
       Pizza             |       |       |     1 ||     1
       Royal jelly       |       |       |     1 ||     1
Armor: Leather armour    |    40 |       |       ||    40
       Scale mail        |    26 |    79 |   192 ||   297
       Skin              |       |    10 |       ||    10
       Plate armour      |       |       |   306 ||   306
Dodge: Dodged            |    97 |    66 |   304 ||   467
Block: Buckler           |       |       |    58 ||    58
